General information
- name: BNet
- type: Ladder team game (AT/RT)
- host: Battle.net
- saver: brucewillisusa
map: Mur'gulOasis
- players: 8
- length: 06:53
- speed: Fast
- version: 1.23 W3XP
- replay type: Public
» download(38 KB)
Players
team 1 (loser)

»
agghahesdgv (
teal | 42 APM | 277 actions | 06:39)
1 Demon Hunter
1 Mana Burn
» actions
| Assign group hotkey | 4 | |
| Basic commands | 5 | |
| Build / train | 21 | |
| Enter build submenu | 19 | |
| Enter hero's abilities submenu | 1 | |
| Right click | 79 | |
| Select / deselect | 89 | |
| Select group hotkey | 31 | |
| Use ability | 28 | |
277 total
» units
» upgrades
| Strength of the Wild | 1 | |
| Reinforced Hides | 1 | |
2 total
» buildings
| Moon Well | 4 | |
| Hunter's Hall | 1 | |
| Altar of Elders | 1 | |
| Ancient Protector | 4 | |
| Tree of Ages | 1 | |
| Scout Tower | 6 | |
| Farm | 4 | |
| Tree of Eternity | 1 | |
| Ancient of Wind | 1 | |
| Arcane Tower | 1 | |
24 total
» build order
00:28 Moon Well
01:01 Hunter's Hall
01:25 Altar of Elders
01:47 Moon Well
02:43 Ancient Protector
02:44 Ancient Protector
03:16 Moon Well
03:26 Tree of Ages
03:43 Ancient Protector
04:04 Moon Well
04:33 Ancient Protector
05:39 Scout Tower
05:40 Scout Tower
05:41 Scout Tower
05:41 Scout Tower
05:42 Farm
05:43 Farm
05:44 Farm
05:46 Scout Tower
05:49 Scout Tower
06:05 Farm
06:13 Tree of Eternity
06:17 Ancient of Wind
06:28 Arcane Tower
DeadSrs (
purple | 26 APM | 160 actions | 06:04)
2 Lich
1 Frost Nova
1 Dark Ritual
» actions
| Assign group hotkey | 4 | |
| Basic commands | 12 | |
| Build / train | 15 | |
| Enter build submenu | 6 | |
| Enter hero's abilities submenu | 2 | |
| Right click | 34 | |
| Select / deselect | 62 | |
| Select group hotkey | 15 | |
| Use ability | 10 | |
160 total
» units
| Acolyte | 2 | |
| Ghoul | 2 | |
| Crypt Fiend | 6 | |
10 total
» buildings
| Graveyard | 1 | |
| Crypt | 1 | |
| Ziggurat | 3 | |
| Altar of Darkness | 1 | |
| Nerubian Tower | 1 | |
| Halls of the Dead | 1 | |
8 total
» build order
00:09 Graveyard
00:18 Crypt
00:41 Ziggurat
01:04 Altar of Darkness
01:29 Ziggurat
02:33 Nerubian Tower
03:35 Ziggurat
04:27 Halls of the Dead
Jhturbo (
pink | 28 APM | 149 actions | 05:20)
1 Goblin Tinker
1 Cluster Rockets
» actions
| Assign group hotkey | 4 | |
| Basic commands | 17 | |
| Build / train | 23 | |
| Enter build submenu | 6 | |
| Enter hero's abilities submenu | 1 | |
| Right click | 15 | |
| Select / deselect | 42 | |
| Select group hotkey | 26 | |
| Use ability | 15 | |
149 total
» units
» buildings
| Farm | 4 | |
| Altar of Kings | 1 | |
| Arcane Vault | 1 | |
6 total
» build order
00:31 Farm
00:41 Altar of Kings
01:12 Farm
01:31 Arcane Vault
01:41 Farm
02:06 Farm

»
Dank-PuFF (
blue | 40 APM | 272 actions | 06:52)
3 Demon Hunter
2 Immolation
1 Evasion
» actions
| Assign group hotkey | 4 | |
| Basic commands | 13 | |
| Build / train | 26 | |
| Enter build submenu | 9 | |
| Enter hero's abilities submenu | 3 | |
| Give item / drop item | 2 | |
| Right click | 45 | |
| Select / deselect | 94 | |
| Select group hotkey | 57 | |
| Use ability | 19 | |
272 total
» units
» buildings
| Altar of Elders | 1 | |
| Ancient of War | 1 | |
| Moon Well | 6 | |
| Hunter's Hall | 1 | |
| Tree of Ages | 1 | |
10 total
» build order
00:07 Altar of Elders
00:11 Ancient of War
00:20 Moon Well
02:11 Moon Well
02:20 Hunter's Hall
03:06 Moon Well
03:48 Moon Well
04:53 Moon Well
05:48 Moon Well
06:43 Tree of Ages
team 2 (winner)
IoWnAt[4]sS (
green | 38 APM | 263 actions | 06:52)
2 Tauren Chieftain
1 Endurance Aura
1 War Stomp
1 Naga Sea Witch
1 Frost Arrows
» actions
| Assign group hotkey | 9 | |
| Build / train | 27 | |
| Enter build submenu | 10 | |
| Enter hero's abilities submenu | 3 | |
| Right click | 113 | |
| Select / deselect | 57 | |
| Select group hotkey | 31 | |
| Use ability | 13 | |
263 total
» units
» upgrades
» buildings
| Altar of Storms | 1 | |
| Orc Burrow | 3 | |
| Barracks | 1 | |
| Voodoo Lounge | 1 | |
| Stronghold | 1 | |
| War Mill | 1 | |
| Beastiary | 2 | |
10 total
» build order
00:08 Altar of Storms
00:14 Orc Burrow
01:16 Barracks
01:27 Voodoo Lounge
01:49 Orc Burrow
03:48 Stronghold
04:40 Orc Burrow
04:45 War Mill
06:33 Beastiary
06:35 Beastiary
» items
| Healing Salve | 3 | |
| Lesser Clarity Potion | 3 | |
| Scroll of Speed | 1 | |
7 total

»
brucewillisusa (
red | 48 APM | 328 actions | 06:53)
1 Pandaren Brewmaster
1 Breath of Fire
» actions
| Assign group hotkey | 17 | |
| Build / train | 28 | |
| Enter build submenu | 13 | |
| Enter hero's abilities submenu | 1 | |
| Right click | 162 | |
| Select / deselect | 41 | |
| Select group hotkey | 32 | |
| Use ability | 34 | |
328 total
» units
» upgrades
» buildings
| Farm | 12 | |
| Altar of Kings | 1 | |
| Keep | 2 | |
| Lumber Mill | 1 | |
| Blacksmith | 1 | |
| Castle | 1 | |
| Gryphon Aviary | 4 | |
22 total
» build order
00:32 Farm
00:47 Altar of Kings
01:08 Farm
02:10 Farm
02:47 Keep
02:47 Keep
03:56 Lumber Mill
04:01 Blacksmith
04:12 Farm
05:53 Castle
05:58 Gryphon Aviary
05:59 Gryphon Aviary
06:00 Gryphon Aviary
06:01 Gryphon Aviary
06:09 Farm
06:09 Farm
06:10 Farm
06:10 Farm
06:10 Farm
06:10 Farm
» items
| Boots of Speed | 1 | |
| Staff of Teleportation | 1 | |
| Lesser Clarity Potion | 2 | |
| Healing Salve | 1 | |
5 total

»
TOmmy_nociess (
orange | 34 APM | 232 actions | 06:52)
2 Death Knight
1 Death Coil
1 Unholy Aura
» actions
| Assign group hotkey | 1 | |
| Basic commands | 32 | |
| Build / train | 18 | |
| Enter build submenu | 9 | |
| Enter hero's abilities submenu | 2 | |
| Right click | 82 | |
| Select / deselect | 66 | |
| Select group hotkey | 9 | |
| Use ability | 13 | |
232 total
» units
| Acolyte | 4 | |
| Ghoul | 9 | |
| Crypt Fiend | 2 | |
15 total
» buildings
| Altar of Darkness | 1 | |
| Ziggurat | 4 | |
| Crypt | 2 | |
| Graveyard | 1 | |
8 total
» build order
00:07 Altar of Darkness
00:09 Ziggurat
00:55 Crypt
01:13 Graveyard
01:50 Crypt
02:09 Ziggurat
02:41 Ziggurat
03:44 Ziggurat
yourasoreloser (
yellow | 60 APM | 410 actions | 06:52)
3 Blademaster
1 Wind Walk
2 Mirror Image
» actions
| Assign group hotkey | 9 | |
| Basic commands | 24 | |
| Build / train | 25 | |
| Enter build submenu | 7 | |
| Enter hero's abilities submenu | 3 | |
| Right click | 134 | |
| Select / deselect | 71 | |
| Select group hotkey | 108 | |
| Use ability | 29 | |
410 total
» units
| Peon | 6 | |
| Grunt | 4 | |
| Troll Headhunter/Berserker | 5 | |
15 total
» buildings
| Altar of Storms | 1 | |
| Orc Burrow | 3 | |
| Barracks | 1 | |
| Voodoo Lounge | 1 | |
| War Mill | 1 | |
| Stronghold | 3 | |
10 total
» build order
00:14 Altar of Storms
00:19 Orc Burrow
00:39 Barracks
01:31 Orc Burrow
02:05 Voodoo Lounge
02:35 War Mill
03:10 Stronghold
03:11 Stronghold
03:11 Stronghold
04:27 Orc Burrow
» items
| Healing Salve | 1 | |
| Lesser Clarity Potion | 1 | |
2 total
Chat log
(00:20 / Allies) IoWnAt[4]sS: tc
(00:21 / Allies) IoWnAt[4]sS: and
(00:22 / Allies) IoWnAt[4]sS: grunts
(00:33 / Allies) TOmmy_nociess: what tc
(00:36 / Allies) TOmmy_nociess: tauren`?
(00:39 / Allies) brucewillisusa: butt sniffer
(00:40 / Allies) IoWnAt[4]sS: tauren cheiftan
(00:41 / Allies) IoWnAt[4]sS: the hero
(00:55 / Allies) brucewillisusa: str8 teching to gryuphons
(00:59 / Allies) brucewillisusa: carry me
(01:07 / Allies) IoWnAt[4]sS: yellow
(01:09 / Allies) IoWnAt[4]sS: protetct red
(01:17 / Allies) brucewillisusa: no need to protect
(01:18 / Allies) brucewillisusa: just carry
(02:26 / All) brucewillisusa: aheuaheuhauaheuaa
(02:52 / Allies) brucewillisusa: HELP
(03:33 / Allies) brucewillisusa: lel
(05:16 / All) brucewillisusa: LOL
(05:23 / All) brucewillisusa: AUEHUHAUAEHUHEUAHUEAHUAEHUAHEA
(05:26 / Allies) TOmmy_nociess: what
(05:34 / Allies) brucewillisusa: i jacked his milltita creep
(05:38 / Allies) brucewillisusa: and he lost his hero and like 7 milita
(05:44 / Allies) brucewillisusa: go there
(05:47 / Allies) brucewillisusa: hsi base is fucked up
(05:54 / All) DeadSrs: complete fuckin noob teammates here
(06:00 / All) DeadSrs: except blue lol
(06:03 / All) DeadSrs: gg
(06:04 / All) brucewillisusa: its ok im a noob too